 Dungeon Crawl Stone Soup version 0.16.0-18-g484a79e (webtiles) character file.

643842 Fluffy the Axe Maniac (level 27, -5/263 (266) HPs)
             Began as a Hill Orc Gladiator on Mar 21, 2015.
             Was the Champion of Qazlal.
             Slain by an azure jelly (10 damage)
             ... created by the royal jelly
             ... on level 6 of the Pits of Slime on Mar 22, 2015.
             The game lasted 05:49:31 (76288 turns).

Fluffy the Axe Maniac (Hill Orc Gladiator)         Turns: 76288, Time: 05:49:31

HP:   -5/263 (266)  AC:  2    Str: 31      XL:     27
MP:   41/45         EV: 16    Int:  7 (8)  God:    Qazlal [******]
Gold: 7298          SH: 12    Dex: 13 (17) Spells: 0 memorised, 26 levels left

rFire  . . .     SeeInvis +     H - +3 war axe (vamp)
rCold  + . .     Clarity  +     G - +10 plate armour "Ghisoipoe" {rN+ Dex+3}
rNeg   + + .     SustAb   .     X - +1 buckler {AC+3}
rPois  +         Gourm    .     L - +2 hat {MR+}
rElec  .         Spirit   .     M - +2 cloak {rPois}
rCorr  .         Warding  .     s - +2 pair of gloves {Dex+3}
rMut   +         Stasis   .     E - +2 pair of boots {Stlth+}
MR     +++..                    Y - amulet of resist mutation
Stlth  ..........               l - ring of see invisible
                                O - ring of the Vendetta {rN+ Slay+3}

@: protected from cold, corroded equipment, studying Stealth, repel missiles,
extremely resistant to hostile enchantments, extremely unstealthy
A: clarity, regeneration 1, MP-powered wands 1
a: Upheaval, Elemental Force, Disaster Area, Renounce Religion
}: 4/15 runes: barnacled, silver, golden, gossamer


You were on level 6 of the Pits of Slime.
You worshipped Qazlal.
Qazlal was exalted by your worship.
You were very hungry.

You visited 11 branches of the dungeon, and saw 58 of its levels.
You also visited: Ice Cave and Volcano.

You collected 11006 gold pieces.
You spent 3708 gold pieces at shops.

Inventory:

Hand weapons
 H - a +3 vampiric war axe (weapon)
 K - the +0 battleaxe of the Open Hand {flame, +Rage Str+4 Dex-3 SInv}
   (You found it on level 3 of the Spider Nest)

   It has been specially enchanted to burn those struck by it, causing extra
   injury to most foes and up to half again as much damage against particularly
   susceptible opponents.
   Big, fiery blades are also staple armaments of hydra-hunters.
   It affects your strength (+4).
   It affects your dexterity (-3).
   It enhances your eyesight.
   It lets you go berserk.
Armour
 s - a +2 pair of gloves of dexterity (worn)
 E - a +2 pair of boots of stealth (worn)
 G - the +10 plate armour "Ghisoipoe" (worn) {rN+ Dex+3}
   (You took it off a deep elf blademaster on level 3 of the Elven Halls)

   It affects your dexterity (+3).
   It protects you from negative energy.
 L - a +2 hat of magic resistance (worn)
 M - a +2 cloak of poison resistance (worn)
 X - a +1 buckler of protection (worn)
Jewellery
 j - a cursed ring of sustain abilities
 l - a ring of see invisible (right hand)
 p - the cursed ring "Voys" {+Fly rF+ MR+ Str-5 Int+7}
   (You took it off a white draconian in an ice cave)

   [ring of flight]

   It affects your strength (-5).
   It affects your intelligence (+7).
   It protects you from fire.
   It affects your resistance to hostile enchantments.
   It lets you fly.
   It has a curse placed upon it.
 q - a cursed ring of protection from cold
 y - the cursed amulet "Phytzum" {Faith rF+ rC++ MP+9}
   (You took it off a deep elf blademaster on level 3 of the Elven Halls)

   [amulet of faith]

   It allows you to gain divine favour quickly.
   It protects you from fire.
   It greatly protects you from cold.
   It affects your magic capacity (+9).
   It has a curse placed upon it.
 C - the cursed ring of Compulsion {+Blink rC+ Str+3}
   (You found it on level 4 of the Lair of Beasts)

   [ring of strength]

   It affects your strength (+3).
   It protects you from cold.
   It lets you blink.
   It has a curse placed upon it.
 F - the amulet "Smuwumiu" {Gourm rF+ MR+}
   (You took it off a deep elf death mage on level 3 of the Elven Halls)

   [amulet of the gourmand]

   It allows you to eat raw meat even when not hungry.
   It protects you from fire.
   It affects your resistance to hostile enchantments.
 O - the ring of the Vendetta (left hand) {rN+ Slay+3}
   (You found it on level 3 of the Crypt)

   [ring of positive energy]

   It affects your accuracy and damage with ranged weapons and melee attacks
   (+3).
   It protects you from negative energy.
 U - the ring of Temmigom {rElec rN+ Slay+3}
   (You found it on level 3 of the Crypt)

   [ring of positive energy]

   It affects your accuracy and damage with ranged weapons and melee attacks
   (+3).
   It insulates you from electricity.
   It protects you from negative energy.
 Y - an amulet of resist mutation (around neck)
Magical devices
 e - a wand of hasting (3)
 t - a wand of teleportation (3)
 N - a wand of heal wounds (1)
 V - a wand of heal wounds (1)
 W - a wand of teleportation (3)
Scrolls
 b - 13 scrolls of remove curse
 c - 2 scrolls of summoning
 d - 3 scrolls of acquirement
 h - 3 scrolls of silence
 k - 20 scrolls of teleportation
 m - a scroll of brand weapon
 u - 5 scrolls of enchant weapon
 w - 5 scrolls of recharging
 x - 17 scrolls of identify
 z - 4 scrolls of blinking
 A - 3 scrolls of holy word
 B - 9 scrolls of enchant armour
 Q - 5 scrolls of magic mapping
Potions
 a - 5 potions of haste
 i - 7 potions of invisibility
 n - 2 potions of cure mutation
 o - 8 potions of heal wounds
 r - 12 potions of curing
 D - 6 potions of might
 I - 5 potions of magic
 P - 4 potions of resistance
 T - 4 potions of agility
Books
 Z - a manual of Stealth
Comestibles
 f - 22 meat rations
 g - 3 slices of pizza
 v - 26 bread rations
 J - 11 beef jerkies
 R - 40 fruits
 S - 6 royal jellies


   Skills:
 + Level 25.4 Fighting
 O Level 27 Axes
 - Level 2.0 Throwing
 + Level 23.3 Armour
 + Level 15.7 Dodging
 + Level 26.5 Invocations


You had 26 spell levels left.
You didn't know any spells.

Dungeon Overview and Level Annotations

Branches:
Dungeon (15/15)            Temple (1/1) D:5            Lair (8/8) D:9
 Shoals (5/5) Lair:5       Spider (5/5) Lair:6        Slime (6/6) Lair:8
    Orc (4/4) D:12            Elf (3/3) Orc:4        Vaults (5/5) D:13
  Crypt (3/3) Vaults:3       Tomb (3/3) Crypt:3      Depths (0/5) D:15

Altars:
Ashenzari
Cheibriados
Dithmenos
Elyvilon
Fedhas
Gozag
Kikubaaqudgha
Makhleb
Nemelex Xobeh
Okawaru
Qazlal
Ru
Sif Muna
Trog
Vehumet
Xom
Yredelemnul
Zin
The Shining One
Beogh
Jiyva

Shops:
D:3 *   D:6 ?*   D:12 *   D:13 }   Orc:4 %%[*[   Elf:2 (   Vaults:2 [(?[(
Vaults:3 *   Vaults:5 ??%[:!!=


Innate Abilities, Weirdness & Mutations

You possess an exceptional clarity of mind.
Your natural rate of healing is unusually fast.
You expend magic power (3 MP) to slightly strengthen your wands.


Message History

The acid blob hits you.
* * * LOW HITPOINT WARNING * * *
You are splashed with acid!
The acid burns!
* * * LOW HITPOINT WARNING * * *
You block the acid blob's attack.
The azure jelly is engulfed in freezing vapours.
The azure jelly hits you.
* * * LOW HITPOINT WARNING * * *
The azure jelly freezes you! You resist.
* * * LOW HITPOINT WARNING * * *
The azure jelly misses you. The azure jelly completely misses you.
The azure jelly misses you.
The azure jelly hits you but does no damage.
The azure jelly hits you!
* * * LOW HITPOINT WARNING * * *
The azure jelly freezes you!! You resist.
* * * LOW HITPOINT WARNING * * *
The azure jelly hits you but does no damage.
The azure jelly hits you!
You die...

...............
................
............≈....
..≈..........≈≈...
..≈≈........≈.≈≈..
...≈≈.........≈....
.≈≈≈≈...§§.........
...≈...JJJ§.....≈..
#.....§.@J.......#
##...≈...≈§.≈.#..#
##.≈≈.#....≈.# ##
###...####≈## #...
## ####


You could see 2 acid blobs and 2 azure jellies.

Vanquished Creatures
  the royal jelly (Slime:6)
  Mara (twice) (Vaults:2)
  11 ancient liches
  21 greater mummies
  Sojobo (Vaults:3)
  Norris (Shoals:5)
  Saint Roka (Orc:3)
  2 golden dragons
  Jory (Tomb:1)
  Frederick (Vaults:3)
  Arachne (Spider:1)
  A bone dragon (Crypt:3)
  Nikola (Shoals:1)
  4 tentacled monstrosities
  9 liches
  2 titans
  Asterion (Shoals:1)
  3 deep elf blademasters
  A quicksilver dragon (Vaults:5)
  2 deep elf master archers (Elf:3)
  2 spellforged servitors
  18 acid blobs
  Polyphemus (Shoals:5)
  A kraken (Shoals:2)
  8 sphinxes
  An octopode crusher (Shoals:3)
  Rupert (Spider:5)
  5 shadow dragons
  7 ancient champions
  13 tengu reavers
  2 revenants
  Roxanne (Spider:2)
  A storm dragon (Vaults:5)
  Ilsuiw (Shoals:5)
  9 azure jellies
  5 fire giants
  28 vault wardens
  2 iron dragons
  3 frost giants (Vaults:5)
  A balrug (Vaults:4)
  An orc warlord (Orc:4)
  Louise (D:15)
  10 emperor scorpions
  A curse skull (Crypt:1)
  4 deep elf sorcerers (Elf:3)
  5 ghost moths
  6 reapers
  Gastronok (D:8)
  10 stone giants
  18 ironheart preservers
  A very ugly thing (Vaults:2)
  5 vampire knights
  5 war gargoyles
  A lorocyproca (Vaults:4)
  A white draconian (IceCv)
  5 deep elf annihilators (Elf:3)
  4 bennus (Tomb:1)
  10 deep elf demonologists
  A dire elephant (D:15)
  3 eidola
  3 unborn (Tomb:1)
  37 vault guards
  Snorg (Lair:8)
  3 merfolk javelineers
  A green death (Elf:3)
  13 deep elf death magi
  7 ettins
  3 crystal guardians (Crypt:3)
  9 death oozes (Slime:6)
  2 fire dragons
  7 large abominations
  8 great orbs of eyes
  25 mummy priests
  12 merfolk impalers
  5 jiangshi
  9 yaktaur captains
  The ghost of Rayvis the Severer, a powerful MiFi of Makhleb (Volcano)
  13 ogre magi
  Fannar (Elf:1)
  8 hydras
  3 deep elf high priests (Elf:3)
  A quicksilver dragon skeleton (Vaults:5)
  Nessos (Shoals:2)
  4 merfolk avatars
  Erica (Elf:2)
  5 centaur warriors
  An alligator snapping turtle (Shoals:2)
  A spectral fire giant (Tomb:2)
  3 catoblepae
  8 merfolk aquamancers
  19 dancing weapons
  8 orc high priests (Orc:4)
  A vampire mage (Crypt:3)
  A sun demon (Elf:3)
  3 satyrs
  A titan zombie (Crypt:1)
  Urug (Orc:4)
  4 death yaks
  2 deep troll shamans (Vaults:5)
  17 deep elf knights
  A fire crab (Lair:6)
  8 deep trolls
  An unseen horror (D:15)
  13 soul eaters
  15 hell knights
  6 shadow wraiths
  A titan skeleton (Crypt:1)
  A golden dragon zombie (Crypt:2)
  33 skeletal warriors
  An ice devil (Tomb:2)
  3 flayed ghosts
  An unseen horror (shapeshifter) (Vaults:4)
  11 sea snakes
  2 giant orange brains
  A sea snake (shapeshifter) (Vaults:5)
  2 shadow demons (Vaults:4)
  A lindwurm (Volcano)
  8 deep elf summoners
  An ice statue (IceCv)
  2 anaconda zombies
  10 orb spiders
  37 anubis guards
  A wolf spider zombie (Crypt:3)
  17 orc knights
  20 death scarabs
  A golden dragon skeleton (Tomb:2)
  13 necromancers
  An anaconda skeleton (Crypt:3)
  5 orc sorcerers
  7 hill giants
  6 small abominations
  23 deep elf conjurers
  22 ironbrand convokers
  An orb spider (shapeshifter) (Vaults:4)
  35 ugly things
  27 harpies
  A spectral ettin (Crypt:3)
  33 wolf spiders
  4 fauns
  10 hornets
  3 shadow dragon skeletons
  A stone giant zombie (Vaults:5)
  3 human zombies
  4 shining eyes
  2 mana vipers
  A water nymph (shapeshifter) (Vaults:5)
  8 cyclopes
  12 manticores
  A manticore (shapeshifter) (Vaults:5)
  10 phantasmal warriors
  3 sixfirhies
  A dire elephant zombie (Crypt:1)
  A guardian serpent (D:13)
  4 water nymphs
  A fire giant zombie (Tomb:3)
  A smoke demon (Orc:4)
  A moth of wrath (shapeshifter) (Elf:3)
  A fire giant skeleton (Tomb:1)
  2 eyes of devastation (shapeshifter)
  6 griffons
  8 black mambas
  12 sirens
  2 drowned souls
  21 vault sentinels
  2 eyes of devastation (Slime:3)
  8 elephants
  5 molten gargoyles
  A shock serpent zombie (Crypt:1)
  17 spiny frogs
  2 rust devils
  A storm dragon simulacrum (Vaults:3)
  A dire elephant skeleton (Crypt:2)
  A catoblepas zombie (Crypt:1)
  An orange demon (Tomb:2)
  54 yaktaurs
  6 fire drakes
  2 kobold demonologists (Vaults:1)
  An iron troll zombie (Crypt:2)
  2 komodo dragons
  2 hellwings
  A ghost moth simulacrum (Crypt:2)
  9 demonic crawlers
  A silent spectre (Crypt:1)
  A troll (shapeshifter) (Vaults:1)
  38 guardian mummies
  A pale draconian skeleton (Crypt:2)
  A red devil (Elf:3)
  A tengu conjurer (D:15)
  6 freezing wraiths
  17 deep elf priests
  4 wind drakes
  19 polar bears (IceCv)
  53 merfolk
  Sonja (D:15)
  3 fire vortices
  12 trolls
  Grinder (D:3)
  10 boulder beetles
  Prince Ribbit (Lair:3)
  2 ravens (D:15)
  2 giant leeches (Lair:8)
  2 hornet zombies
  23 two-headed ogres
  An iron dragon simulacrum (Crypt:2)
  A slime creature (shapeshifter) (Elf:2)
  2 human simulacra
  45 jumping spiders
  A raven (shapeshifter) (Elf:1)
  40 blink frogs
  106 slime creatures
  5 ushabtiu
  53 flying skulls
  2 vampires
  9 wraiths
  2 ynoxinuls
  13 snapping turtles
  10 shadows
  39 redbacks
  A spriggan (Lair:3)
  5 basilisks
  A hill giant zombie (Crypt:2)
  13 water elementals
  30 deep elf magi
  6 wyverns
  A fire dragon skeleton (Crypt:3)
  An ettin skeleton (Crypt:1)
  2 frost giant simulacra
  A trapdoor spider (shapeshifter) (D:15)
  19 trapdoor spiders
  22 tarantellas
  A mottled dragon (Vaults:2)
  An ice dragon skeleton (Vaults:1)
  A chaos spawn (Tomb:1)
  53 yaks
  A black mamba skeleton (Tomb:2)
  4 fire elementals (Volcano)
  5 golden eyes (Slime:3)
  12 hippogriffs
  A hill giant skeleton (Crypt:2)
  A soldier ant (shapeshifter) (Vaults:3)
  8 hungry ghosts
  A hippogriff (shapeshifter) (Vaults:2)
  49 deep elf fighters
  20 vampire mosquitoes
  A yaktaur simulacrum (Vaults:3)
  29 wargs
  23 wolves
  7 hell hounds (D:15)
  An ogre zombie (Vaults:1)
  A putrid demonspawn zombie (Crypt:2)
  A raven skeleton (Crypt:1)
  A soldier ant (D:13)
  9 porcupines
  2 spiny frog zombies
  A spiny frog skeleton (Crypt:2)
  A swamp drake (D:9)
  36 spiders
  37 orc warriors
  3 sky beasts
  3 black bears
  13 water moccasins
  A manticore zombie (Crypt:3)
  14 ice beasts
  5 necrophages
  3 phantoms
  4 boggarts (Vaults:1)
  2 wasps
  5 anubis guard zombies
  5 eyes of draining
  A snapping turtle zombie (Tomb:2)
  2 swamp dragon zombies
  An ice beast (shapeshifter) (Vaults:5)
  2 snapping turtle skeletons
  17 crocodiles
  A black mamba simulacrum (Crypt:2)
  20 centaurs
  46 giant frogs
  A boring beetle (shapeshifter) (Vaults:5)
  66 ogres
  9 human skeletons
  Sigmund (D:6)
  Duvessa (D:4)
  5 big kobolds
  6 boring beetles
  A lost soul (Elf:3)
  A spiny frog simulacrum (Crypt:1)
  A hell hound zombie (D:15)
  2 yaktaur skeletons (Vaults:5)
  A spider zombie (Crypt:1)
  A gnoll sergeant (D:7)
  A raiju zombie (Crypt:2)
  A wyvern skeleton (D:6)
  6 scorpions
  17 wights
  6 killer bees
  A manticore simulacrum (Crypt:2)
  An orc simulacrum (Vaults:1)
  A spriggan skeleton (D:9)
  10 electric eels
  A goliath beetle (D:9)
  3 crimson imps
  2 centaur zombies (D:15)
  Dowan (D:4)
  25 jellies
  2 centaur skeletons
  12 hounds
  Crazy Yiuf (D:7)
  45 orc priests
  3 giant frog skeletons
  2 wasp zombies
  4 hell rats (Lair:4)
  29 orc wizards
  12 iguanas
  9 worker ants
  A sky beast zombie (Crypt:1)
  37 sheep
  Ijyb (D:6)
  2 ogre skeletons (Vaults:5)
  2 tengu skeletons
  2 naga skeletons
  2 hound zombies
  62 mummies
  19 gnolls
  Robin (D:2)
  A worker ant zombie (D:5)
  78 river rats
  29 adders
  6 shadow imps
  A worm (D:2)
  2 adder skeletons
  7 giant geckos
  3 oozes
  233 orcs
  12 bats
  4 giant cockroaches
  27 hobgoblins
  4 ball pythons
  A giant gecko zombie (D:5)
  4 giant newts
  34 goblins
  A hobgoblin skeleton (Crypt:1)
  14 jackals
  A jackal skeleton (D:4)
  39 kobolds
  8 orc skeletons
  7 orc zombies
  18 quokkas
  9 rats
  A rat zombie (Crypt:1)
  A ballistomycete (D:13)
  A bush (Lair:7)
  5 crawling corpses
  An eldritch tentacle segment (Tomb:2)
  61 fungi
  88 plants
  6 tentacles (Shoals:2)
3347 creatures vanquished.

Vanquished Creatures (others)
  An eldritch tentacle (Tomb:2)
  An ancient champion (Tomb:2)
  2 tengu reavers
  2 bennus
  A satyr (shapeshifter) (Vaults:3)
  A skeletal warrior (Tomb:2)
  37 death scarabs (Tomb:2)
  2 orb spiders (Spider:5)
  15 drowned souls
  A vault sentinel (Vaults:5)
  A guardian mummy (Tomb:2)
  2 fire vortices (Volcano)
  A shadow (Tomb:2)
  A deep elf mage (Elf:1)
  A yak (IceCv)
  A wolf (IceCv)
  An ogre (Vaults:5)
  14 lost souls
  A centaur (D:13)
  A crocodile (Lair:8)
  A mummy (Tomb:2)
  An orc (Orc:4)
  A giant spore (D:13)
  100 eldritch tentacle segments (Tomb:2)
  2 fungi (Lair:5)
  6 plants
  6 tentacles (Shoals:2)
  310 tentacle segments (Shoals:2)
514 creatures vanquished.

Grand Total: 3861 creatures vanquished

Notes
Turn   | Place    | Note
--------------------------------------------------------------
     0 | D:1      | Fluffy, the Hill Orc Gladiator, began the quest for the Orb.
     0 | D:1      | Reached XP level 1. HP: 18/18 MP: 1/1
   262 | D:1      | Reached XP level 2. HP: 18/25 MP: 2/2
   301 | D:1      | Reached skill level 5 in Axes
   639 | D:1      | Reached XP level 3. HP: 30/30 MP: 3/3
   904 | D:2      | Reached skill level 6 in Axes
  1043 | D:2      | Reached XP level 4. HP: 35/37 MP: 4/4
  1050 | D:2      | Found a glowing silver altar of Zin.
  1163 | D:2      | Noticed Robin
  1176 | D:2      | Killed Robin
  1565 | D:2      | Reached skill level 7 in Axes
  1703 | D:3      | Reached XP level 5. HP: 38/42 MP: 5/5
  1778 | D:3      | Noticed Grinder
  1790 | D:3      | Killed Grinder
  1790 | D:3      | Reached skill level 9 in Axes
  1790 | D:3      | Reached XP level 6. HP: 16/50 MP: 6/6
  2007 | D:3      | Found Gozag's Platinum Reserve.
  2009 | D:3      | Found an opulent altar of Gozag.
  2011 | D:3      | Found a snail-covered altar of Cheibriados.
  2155 | D:3      | Noticed an ogre
  2168 | D:3      | Killed an ogre
  2168 | D:3      | Reached skill level 1 in Armour
  2774 | D:4      | Reached XP level 7. HP: 36/57 MP: 7/7
  3105 | D:4      | Reached skill level 10 in Axes
  3250 | D:4      | Found a blossoming altar of Fedhas.
  3250 | D:4      | Noticed Duvessa
  3251 | D:4      | Noticed Dowan
  3259 | D:4      | Killed Dowan
  3259 | D:4      | Reached XP level 8. HP: 64/67 MP: 8/8
  3261 | D:4      | Killed Duvessa
  3735 | D:5      | Entered Level 5 of the Dungeon
  3744 | D:5      | Reached skill level 5 in Fighting
  3957 | D:5      | Found a white marble altar of Elyvilon.
  4080 | D:5      | Found a staircase to the Ecumenical Temple.
  4101 | Temple   | Entered the Ecumenical Temple
  4261 | D:5      | Found a stormy altar of Qazlal.
  4273 | D:5      | Became a worshipper of Qazlal Stormbringer
  4324 | D:6      | Noticed Ijyb
  4332 | D:6      | Killed Ijyb
  4396 | D:6      | Found Lovihiek's General Store.
  4445 | D:6      | Reached skill level 1 in Invocations
  4504 | D:6      | Found Nyary's Magic Scroll Emporium.
  4573 | D:6      | Reached skill level 11 in Axes
  4785 | D:6      | Found a basalt altar of Yredelemnul.
  4801 | D:6      | Noticed Sigmund
  4820 | D:6      | Killed Sigmund
  4861 | D:6      | Reached skill level 5 in Armour
  4913 | D:6      | Acquired Qazlal's first power
  5014 | D:6      | Found a shattered altar of Ashenzari.
  5062 | D:6      | Reached XP level 9. HP: 78/78 MP: 14/14
  5247 | D:7      | Got a brightly glowing iron ring
  5249 | D:7      | Identified the ring of Goil {AC+1 Str+4 Dex+4} (You found it on level 7 of the Dungeon)
  5304 | D:7      | Found a viscous altar of Jiyva.
  5422 | D:7      | Acquired Qazlal's second power
  5675 | D:7      | Noticed Crazy Yiuf
  5678 | D:7      | Killed Crazy Yiuf
  5799 | D:8      | Reached skill level 5 in Invocations
  6232 | D:8      | Noticed Gastronok
  6254 | D:8      | Killed Gastronok
  6254 | D:8      | Reached skill level 12 in Axes
  6254 | D:8      | Reached XP level 10. HP: 40/89 MP: 17/20
  6740 | D:8      | Found an ancient bone altar of Kikubaaqudgha.
  6803 | D:9      | Found a deep blue altar of Sif Muna.
  7147 | D:9      | Acquired Qazlal's third power
  7289 | D:9      | Found a sparkling altar of Nemelex Xobeh.
  7356 | D:9      | Found a runed door.
  7708 | D:9      | Found a staircase to the Lair.
  7894 | D:9      | Reached skill level 13 in Axes
  8222 | D:10     | Entered Level 10 of the Dungeon
  8314 | D:10     | Reached XP level 11. HP: 79/99 MP: 21/23
  8448 | D:10     | Noticed a hill giant
  8457 | D:10     | Killed a hill giant
  8457 | D:10     | Reached skill level 10 in Fighting
  8782 | D:10     | Noticed an orc knight
  8810 | D:10     | Noticed an orc knight
  8823 | D:10     | Killed an orc knight
  9098 | D:10     | Noticed an orc knight
  9119 | D:10     | Killed an orc knight
  9138 | D:10     | Killed an orc knight
  9138 | D:10     | Reached skill level 14 in Axes
  9213 | D:10     | Noticed an orc sorcerer
  9214 | D:10     | Noticed a sun demon
  9223 | D:10     | Acquired Qazlal's fourth power
  9227 | D:10     | Killed an orc sorcerer
  9486 | D:10     | Reached skill level 10 in Invocations
 10391 | D:10     | Reached XP level 12. HP: 81/110 MP: 26/26
 11460 | D:11     | Reached skill level 10 in Armour
 11469 | D:11     | Acquired Qazlal's fifth power
 11928 | D:12     | Found Umosame's Assorted Antiques.
 11998 | D:12     | Found a staircase to the Orcish Mines.
 12323 | Orc:1    | Entered Level 1 of the Orcish Mines
 12475 | Orc:2    | Found a white marble altar of Elyvilon.
 12799 | Orc:2    | You fall through a shaft!
 12859 | Orc:3    | Reached skill level 15 in Axes
 13143 | Orc:1    | Found a deep blue altar of Sif Muna.
 13238 | Orc:1    | Found a bloodstained altar of Trog.
 13431 | Orc:3    | Found a roughly hewn altar of Beogh.
 13973 | Orc:4    | Entered Level 4 of the Orcish Mines
 14148 | Orc:4    | Noticed Urug
 14167 | Orc:4    | Killed Urug
 14213 | Orc:4    | Found a staircase to the Elven Halls.
 14240 | Orc:4    | Noticed an orc high priest
 14246 | Orc:4    | Noticed an orc high priest
 14250 | Orc:4    | Killed an orc high priest
 14259 | Orc:4    | Killed an orc high priest
 14348 | Orc:4    | Noticed an orc high priest
 14352 | Orc:4    | Noticed an orc high priest
 14381 | Orc:4    | HP: 2/113 [orc priest/divine providence (14)]
 14703 | Orc:4    | Killed an orc high priest
 14703 | Orc:4    | Reached XP level 13. HP: 95/119 MP: 28/28
 14747 | Orc:4    | Noticed an orc high priest
 14754 | Orc:4    | Killed an orc high priest
 14786 | Orc:4    | Killed an orc high priest
 14832 | Orc:4    | Noticed an orc high priest
 14833 | Orc:4    | Noticed an orc high priest
 14833 | Orc:4    | Found a roughly hewn altar of Beogh.
 14840 | Orc:4    | Killed an orc high priest
 14845 | Orc:4    | Noticed an orc high priest
 14849 | Orc:4    | Killed an orc high priest
 14861 | Orc:4    | Noticed Saint Roka
 14861 | Orc:4    | Paralysed by an orc sorcerer for 4 turns
 14869 | Orc:4    | Killed an orc high priest
 15645 | Orc:3    | Killed Saint Roka
 15645 | Orc:3    | Reached skill level 16 in Axes
 16040 | Orc:4    | Found Ryireb's Antique Armour Shop.
 16040 | Orc:4    | Found Skauger's Assorted Antiques.
 16071 | Orc:4    | Bought a viscous grey potion for 18 gold pieces
 16241 | Orc:4    | Found Fraorin's Food Shop.
 16320 | Orc:4    | Noticed an orc warlord
 16344 | Orc:4    | Killed an orc warlord
 16885 | Orc:4    | Found Guthoigutz's Antique Armour Shop.
 16885 | Orc:4    | Found Psuetae's Food Emporium.
 17195 | Orc:4    | Bought a dazzling plate armour for 840 gold pieces
 17205 | Orc:4    | Identified the +10 plate armour of Lies {Dex+2} (You bought it in a shop on level 4 of the Orcish Mines)
 17259 | Orc:4    | Bought a faintly glowing shield for 209 gold pieces
 17265 | Orc:4    | Identified the +1 shield "Chojizank" {rF- MR- rCorr Str+8 Int+3} (You bought it in a shop on level 4 of the Orcish Mines)
 17535 | Lair:1   | Entered Level 1 of the Lair of Beasts
 18779 | Lair:2   | Reached XP level 14. HP: 130/130 MP: 30/30
 19902 | Lair:3   | Reached skill level 17 in Axes
 20341 | Lair:3   | Noticed Prince Ribbit
 20342 | Lair:3   | Killed Prince Ribbit
 21199 | Lair:4   | Got a transparent amber ring
 21235 | Lair:4   | Identified the ring of Compulsion {+Blink rC+ Str+3} (You found it on level 4 of the Lair of Beasts)
 22334 | Lair:5   | Gained mutation: You possess an exceptional clarity of mind. [potion of beneficial mutation]
 22370 | Lair:5   | Found a burning altar of Makhleb.
 22893 | Lair:5   | Found a staircase to the Shoals.
 23004 | Lair:6   | Found a dark tunnel.
 23011 | Volcano  | Entered a volcano
 23036 | Volcano  | Noticed Rayvis' ghost (powerful MiFi)
 23058 | Volcano  | Killed Rayvis' ghost
 23504 | Lair:6   | Reached skill level 15 in Fighting
 23507 | Lair:6   | Reached skill level 15 in Invocations
 23659 | Lair:6   | Reached XP level 15. HP: 137/141 MP: 32/32
 23975 | Lair:6   | Found a hole to the Spider Nest.
 24523 | Lair:7   | Found a frozen archway.
 24551 | IceCv    | Entered an ice cave
 25063 | IceCv    | Reached skill level 18 in Axes
 25101 | IceCv    | Got a faintly glowing glass ring
 25108 | IceCv    | Identified the ring "Voys" {+Fly rF+ MR+ Str-5 Int+7} (You took it off a white draconian in an ice cave)
 25160 | IceCv    | Got a translucent scale mail
 25428 | Lair:7   | Identified the +3 scale mail "Vafei" {rCorr Str-5 Dex-3 SInv Stlth+} (You found it in an ice cave)
 26230 | Lair:8   | Entered Level 8 of the Lair of Beasts
 26884 | Lair:8   | Noticed Snorg
 26891 | Lair:8   | Killed Snorg
 27609 | Lair:8   | Found a viscous altar of Jiyva.
 27610 | Lair:8   | Found a staircase to the Slime Pits.
 27881 | Shoals:1 | Entered Level 1 of the Shoals
 28048 | Shoals:1 | Reached XP level 16. HP: 136/152 MP: 33/33
 29094 | Shoals:2 | Noticed Asterion
 29276 | Shoals:1 | Killed Asterion
 29276 | Shoals:1 | Reached skill level 15 in Armour
 29623 | Shoals:2 | Noticed Nessos
 29626 | Shoals:2 | Killed Nessos
 29645 | Shoals:2 | Noticed Nikola
 29733 | Shoals:1 | Killed Nikola
 29733 | Shoals:1 | Reached skill level 19 in Axes
 30356 | Shoals:2 | Got a heavily runed ring mail
 30432 | Shoals:2 | Noticed a kraken
 30552 | Shoals:2 | Killed a kraken
 31727 | Shoals:3 | Noticed an octopode crusher
 31736 | Shoals:3 | Killed an octopode crusher
 32029 | Shoals:3 | Identified the Volume of Gliding Good Luck
 32076 | Shoals:3 | Identified the Volume of Assistive Bewitchment
 32145 | Shoals:3 | Identified the cursed -5 ring mail of Preshoge {Str+3} (You found it on level 2 of the Shoals)
 32197 | Shoals:4 | Reached XP level 17. HP: 85/162 MP: 35/35
 32913 | Shoals:5 | Entered Level 5 of the Shoals
 32979 | Shoals:5 | Noticed Ilsuiw
 33243 | Shoals:5 | Killed Ilsuiw
 34014 | Shoals:5 | Reached skill level 20 in Axes
 34293 | Shoals:5 | Got a barnacled rune of Zot
 34314 | Shoals:5 | Noticed Polyphemus
 34322 | Shoals:5 | Killed Polyphemus
 34375 | Shoals:5 | Noticed Norris
 34395 | Shoals:5 | Killed Norris
 34721 | Shoals:5 | Got an ebony mace
 34722 | Shoals:5 | Identified the +7 mace "Demit" {flame, Stlth+} (You found it on level 5 of the Shoals)
 35630 | Spider:1 | Entered Level 1 of the Spider Nest
 35874 | Spider:1 | Reached XP level 18. HP: 165/172 MP: 36/36
 36517 | Spider:2 | Noticed Arachne
 36817 | Spider:1 | Killed Arachne
 37435 | Spider:2 | Noticed Roxanne
 37729 | Spider:2 | Killed Roxanne
 37741 | Spider:2 | Identified Roxanne's Collected Works on Shifting Earth (You took it off Roxanne on level 2 of the Spider Nest)
 38634 | Spider:3 | Got a jewelled battleaxe
 38635 | Spider:3 | Identified the +0 battleaxe of the Open Hand {flame, +Rage Str+4 Dex-3 SInv} (You found it on level 3 of the Spider Nest)
 38806 | Spider:4 | Reached skill level 5 in Dodging
 39880 | Spider:5 | Entered Level 5 of the Spider Nest
 39926 | Spider:5 | Noticed Rupert
 39933 | Spider:5 | Killed Rupert
 40824 | Spider:5 | Reached skill level 21 in Axes
 41673 | Spider:5 | Reached XP level 19. HP: 125/182 MP: 37/37
 42142 | Spider:5 | Got a gossamer rune of Zot
 43009 | Elf:1    | Entered Level 1 of the Elven Halls
 43069 | Elf:1    | Noticed Fannar
 43079 | Elf:1    | Killed Fannar
 44072 | Elf:1    | Reached XP level 20. HP: 191/191 MP: 38/38
 44389 | Elf:2    | Found Pid Argh's Weapon Shoppe.
 44519 | Elf:2    | Found a runed gate.
 44519 | Elf:2    | Found a runed gate.
 44520 | Elf:2    | Found a runed gate.
 44652 | Elf:2    | Noticed Erica
 44662 | Elf:2    | Killed Erica
 45229 | Elf:3    | Entered Level 3 of the Elven Halls
 46303 | Elf:3    | Reached XP level 21. HP: 162/200 MP: 39/39
 46956 | Elf:3    | Reached skill level 22 in Axes
 46986 | Elf:3    | Got a crude bronze amulet
 46986 | Elf:3    | Got a steaming platinum amulet
 47137 | Elf:3    | Got a scorched plate armour
 47162 | Elf:3    | Identified the +10 plate armour "Ghisoipoe" {rN+ Dex+3} (You took it off a deep elf blademaster on level 3 of the Elven Halls)
 47186 | Elf:3    | Got a twisted demon whip
 47187 | Elf:3    | Identified the +9 demon whip of Wrongful Imprisonment {venom, Int+7 Dex-5} (You took it off a deep elf death mage on level 3 of the Elven Halls)
 47703 | Elf:3    | Got a transparent hand axe
 47704 | Elf:3    | Identified the +8 hand axe of Imminent Death {venom, Stlth+} (You took it off a deep elf death mage on level 3 of the Elven Halls)
 47818 | Elf:3    | Identified Aduwysix's Compendium of Good Luck
 47827 | Elf:3    | Identified the Papyrus of Ashen Transmutation
 47842 | Elf:3    | Identified the amulet "Phytzum" {Faith rF+ rC++ MP+9} (You took it off a deep elf blademaster on level 3 of the Elven Halls)
 47843 | Elf:3    | Identified the amulet "Smuwumiu" {Gourm rF+ MR+} (You took it off a deep elf death mage on level 3 of the Elven Halls)
 47945 | Elf:3    | Identified Sif Muna's Handbook of Dusty Malediction
 48612 | D:13     | Found Klupleaj's Gadget Shoppe.
 48965 | D:13     | Found a gate to the Vaults.
 49824 | D:15     | Entered Level 15 of the Dungeon
 49835 | D:15     | Noticed Louise
 49852 | D:15     | Killed Louise
 50129 | D:15     | Noticed Sonja
 50144 | D:15     | Killed Sonja
 50315 | D:15     | Found a white marble altar of Elyvilon.
 50595 | D:15     | Found a staircase to the Depths.
 51149 | Vaults:1 | Entered Level 1 of the Vaults
 51425 | Vaults:1 | Reached XP level 22. HP: 208/211 MP: 40/40
 52288 | Vaults:2 | Found Ymiducimn's Armour Emporium.
 52291 | Vaults:2 | Bought a +1 cloak of poison resistance for 135 gold pieces
 52336 | Vaults:2 | Found Awoxuk's Antique Weapon Shoppe.
 52361 | Vaults:2 | Found Smunnuq's Antique Armour Emporium.
 52427 | Vaults:2 | Reached skill level 10 in Dodging
 52537 | Vaults:2 | Found Onuif's Magic Scroll Boutique.
 52548 | Vaults:2 | Bought a scroll of acquirement for 676 gold pieces
 52578 | Vaults:2 | Noticed Mara
 52617 | Vaults:2 | Noticed Fluffy's illusion
 52634 | Vaults:2 | Killed Mara
 52649 | Vaults:2 | Killed Mara
 52649 | Vaults:2 | Reached skill level 23 in Axes
 53009 | Vaults:2 | Found Koimeol's Weapon Shoppe.
 53752 | Vaults:3 | Noticed Frederick
 53776 | Vaults:3 | Killed Frederick
 54168 | Vaults:3 | Found Vebasch's General Store.
 54189 | Vaults:3 | Bought a potion of heal wounds for 95 gold pieces
 54355 | Vaults:3 | Found a staircase to the Crypt.
 54492 | Vaults:3 | Noticed Sojobo
 54498 | Vaults:3 | Reached XP level 23. HP: 207/220 MP: 41/41
 54517 | Vaults:3 | Killed Sojobo
 55781 | Vaults:4 | Identified a +0 rod of destruction (12/12) (You found it on level 4 of the Vaults)
 56488 | Crypt:1  | Entered Level 1 of the Crypt
 57749 | Crypt:2  | Reached skill level 24 in Axes
 58144 | Crypt:3  | Entered Level 3 of the Crypt
 58206 | Crypt:3  | Reached XP level 24. HP: 219/231 MP: 42/42
 58523 | Crypt:3  | Identified the Grimoire of Stolen Souls (You found it on level 3 of the Crypt)
 58604 | Crypt:3  | Noticed an ancient lich
 58611 | Crypt:3  | Killed an ancient lich
 58785 | Crypt:3  | Found a shimmering altar of Xom.
 59255 | Crypt:3  | Identified Borgnjor's Compendium of Necromancy
 59321 | Crypt:3  | Got a vibrating silver ring
 59321 | Crypt:3  | Got an ancient pewter ring
 59321 | Crypt:3  | Got a coiled brass ring
 59331 | Crypt:3  | Identified the ring of the Vendetta {rN+ Slay+3} (You found it on level 3 of the Crypt)
 59333 | Crypt:3  | Identified the ring of Temmigom {rElec rN+ Slay+3} (You found it on level 3 of the Crypt)
 59337 | Crypt:3  | Identified the ring "Psyfeot" {rElec rF- rN+ Int+7} (You found it on level 3 of the Crypt)
 59424 | Crypt:3  | Found a staircase to the Tomb.
 59719 | Tomb:1   | Entered Level 1 of the Tomb of the Ancients
 60160 | Tomb:1   | Noticed a greater mummy
 60161 | Tomb:1   | Noticed a greater mummy
 60163 | Tomb:1   | Noticed an ancient lich
 60168 | Tomb:1   | Killed a greater mummy
 60168 | Tomb:1   | Killed a greater mummy
 60169 | Tomb:1   | Killed an ancient lich
 61572 | Tomb:2   | Noticed a greater mummy
 61572 | Tomb:2   | Noticed a greater mummy
 61572 | Tomb:2   | Noticed a greater mummy
 61572 | Tomb:2   | Noticed an ancient lich
 61964 | Tomb:1   | Killed a greater mummy
 61964 | Tomb:1   | Reached XP level 25. HP: 139/240 MP: 42/42
 63036 | Tomb:1   | Killed a greater mummy
 63400 | Tomb:1   | Killed an ancient lich
 63580 | Tomb:2   | Killed a greater mummy
 63953 | Tomb:1   | Noticed a greater mummy
 63960 | Tomb:1   | Killed a greater mummy
 63960 | Tomb:1   | Reached skill level 25 in Axes
 63963 | Tomb:1   | Noticed a greater mummy
 63965 | Tomb:1   | Noticed a greater mummy
 63966 | Tomb:1   | Noticed a greater mummy
 64381 | Tomb:1   | Killed a greater mummy
 64388 | Tomb:1   | Killed a greater mummy
 64408 | Tomb:1   | Noticed a greater mummy
 64413 | Tomb:1   | Noticed a greater mummy
 64415 | Tomb:1   | Killed a greater mummy
 64417 | Tomb:1   | Noticed a greater mummy
 64425 | Tomb:1   | Killed a greater mummy
 64425 | Tomb:1   | Killed a greater mummy
 64426 | Tomb:1   | Killed a greater mummy
 64796 | Tomb:1   | Noticed a greater mummy
 64798 | Tomb:1   | Noticed a greater mummy
 64813 | Tomb:2   | Killed a greater mummy
 65074 | Tomb:1   | Killed a greater mummy
 65158 | Tomb:1   | Noticed a greater mummy
 65166 | Tomb:1   | Killed a greater mummy
 65447 | Tomb:1   | Noticed a greater mummy
 65454 | Tomb:1   | Killed a greater mummy
 65621 | Tomb:1   | Noticed a greater mummy
 65625 | Tomb:1   | Killed a greater mummy
 65731 | Tomb:2   | Noticed Jory
 65746 | Tomb:1   | Killed Jory
 67189 | Tomb:2   | Gained mutation: Your natural rate of healing is unusually fast. [potion of beneficial mutation]
 67501 | Tomb:3   | Entered Level 3 of the Tomb of the Ancients
 67528 | Tomb:3   | Noticed an ancient lich
 67528 | Tomb:3   | Reached XP level 26. HP: 211/250 MP: 43/43
 67920 | Tomb:3   | Noticed an ancient lich
 68156 | Tomb:3   | Noticed a greater mummy
 68157 | Tomb:3   | Noticed an ancient lich
 68157 | Tomb:3   | Noticed an ancient lich
 68158 | Tomb:3   | Noticed a greater mummy
 68158 | Tomb:3   | Noticed a greater mummy
 68228 | Tomb:2   | Killed a greater mummy
 68281 | Tomb:3   | Noticed a greater mummy
 68511 | Tomb:3   | Noticed an ancient lich
 68517 | Tomb:2   | Upgraded the game from 0.16.0-17-g811c1d7 to 0.16.0-18-g484a79e
 68517 | Tomb:2   | Killed a greater mummy
 68671 | Tomb:2   | Killed an ancient lich
 68893 | Tomb:2   | Killed an ancient lich
 69088 | Tomb:2   | Killed an ancient lich
 69101 | Tomb:2   | Killed an ancient lich
 69312 | Tomb:2   | Killed a greater mummy
 69316 | Tomb:2   | Killed a greater mummy
 69377 | Tomb:3   | Killed an ancient lich
 69810 | Tomb:3   | Got a fine bronze ring
 69845 | Tomb:3   | Got a golden rune of Zot
 70034 | Tomb:3   | Identified a +5 rod of destruction (9/9) (You found it on level 3 of the Tomb of the Ancients)
 70075 | Tomb:3   | Identified the Almanac of the Snowflakes (You found it on level 3 of the Tomb of the Ancients)
 70115 | Tomb:3   | Got an ancient plate armour
 70132 | Tomb:3   | Identified the +7 plate armour of Catatonia {MR+ Str-3 Int-4 Dex+2 Stlth-} (You found it on level 3 of the Tomb of the Ancients)
 70132 | Tomb:3   | Lost intelligence.
 70157 | Tomb:3   | Identified the cursed ring of the Briny Deep {+Inv MR+} (You found it on level 3 of the Tomb of the Ancients)
 70911 | Vaults:5 | Entered Level 5 of the Vaults
 70912 | Vaults:5 | Reached skill level 26 in Axes
 71017 | Vaults:5 | Noticed an ancient lich
 71020 | Vaults:5 | Reached XP level 27. HP: 238/259 MP: 44/44
 71060 | Vaults:4 | Killed an ancient lich
 71242 | Vaults:5 | Noticed an ancient lich
 71387 | Vaults:4 | Killed an ancient lich
 71725 | Vaults:5 | Noticed an ancient lich
 71739 | Vaults:5 | Killed an ancient lich
 71886 | Vaults:5 | Found Bicewaepe's Jewellery Shop.
 71948 | Vaults:5 | Reached skill level 15 in Dodging
 72136 | Vaults:5 | Found Zida's Book Shoppe.
 72217 | Vaults:5 | Found Ibbouv's Food Boutique.
 72269 | Vaults:5 | Found Kegeog's Magic Scroll Emporium.
 72386 | Vaults:5 | Reached skill level 27 in Axes
 72491 | Vaults:5 | Found Yghauv's Distillery.
 72491 | Vaults:5 | Found Piwutt's Distillery.
 72495 | Vaults:5 | Bought a potion of might for 52 gold pieces
 72495 | Vaults:5 | Bought a potion of cure mutation for 455 gold pieces
 72495 | Vaults:5 | Bought a potion of haste for 130 gold pieces
 72495 | Vaults:5 | Bought a potion of curing for 39 gold pieces
 72499 | Vaults:5 | Bought a potion of haste for 190 gold pieces
 72499 | Vaults:5 | Bought a potion of curing for 57 gold pieces
 72506 | Vaults:5 | Found Thoixkomn's Antique Armour Shoppe.
 72510 | Vaults:5 | Bought a black opal-studded plate armour for 812 gold pieces
 72526 | Vaults:5 | Identified the cursed -3 plate armour of the Boiling Point {-Cast Regen+ Str-3 Int+4} (You bought it in a shop on level 5 of the Vaults)
 72601 | Vaults:5 | Got a silver rune of Zot
 72797 | Vaults:5 | Found Mefir's Magic Scroll Boutique.
 73756 | Slime:1  | Entered Level 1 of the Pits of Slime
 74193 | Slime:1  | Found a viscous altar of Jiyva.
 74330 | Slime:2  | Gained mutation: You expend magic power (3 MP) to slightly strengthen your wands. [a shining eye]
 75832 | Slime:6  | Entered Level 6 of the Pits of Slime
 75906 | Slime:6  | Noticed the royal jelly
 76274 | Slime:6  | Killed the royal jelly
 76288 | Slime:6  | HP: 5/263 [azure jelly[the royal jelly] (22)]
 76288 | Slime:6  | Slain by an azure jelly

Action                   |  1- 3 |  4- 6 |  7- 9 | 10-12 | 13-15 | 16-18 | 19-21 | 22-24 | 25-27 || total
-------------------------+-------+-------+-------+-------+-------+-------+-------+-------+-------++-------
Melee: War axe           |   106 |   122 |   340 |   332 |       |       |   358 |  1004 |  1062 ||  3324
       Hand axe          |       |       |       |   524 |   709 |       |       |       |       ||  1233
       Broad axe         |       |       |       |       |   514 |   820 |       |       |       ||  1334
       Battleaxe         |       |       |       |       |       |   206 |   634 |   522 |   391 ||  1753
Throw: Throwing net      |       |       |       |     1 |     1 |       |       |       |       ||     2
Invok: Upheaval          |       |       |       |     2 |     4 |    12 |       |     2 |    14 ||    34
       Disaster Area     |       |       |       |       |       |     2 |       |     2 |     3 ||     7
 Abil: Evoke Flight      |       |       |       |       |     1 |     3 |     6 |       |       ||    10
       Stop Flying       |       |       |       |       |       |     2 |     6 |       |       ||     8
Evoke: Wand              |       |       |       |       |    44 |     1 |       |       |       ||    45
  Use: Scroll            |       |       |       |    31 |     7 |     6 |     5 |     5 |     4 ||    58
       Potion            |       |       |       |     1 |     8 |     1 |     1 |     7 |     9 ||    27
 Stab: Invisible         |       |       |       |       |     5 |       |       |       |       ||     5
       Distracted        |       |       |       |       |       |       |     1 |     1 |       ||     2
  Eat: Chunk             |     1 |     5 |    11 |    27 |    44 |    41 |    57 |    31 |    43 ||   260
       Fruit             |       |       |       |       |       |     3 |       |       |       ||     3
       Pizza             |       |       |       |       |       |       |       |       |     8 ||     8
